Map: Dusk Towers

Players

Miszu - Winner!

  • Race: Terran Terran
  • League: Master

Andrew

  • Race: Zerg Zerg
  • League: Master

VOD

Have the link to the VOD?

Description

Time

  • Played on: April 4, 2016, 3:02 p.m.
  • Length: 10:46
Show
View Real Time Build Order
Export as new Build Order

Miszu Terran - Winner!

Build Orders: MMM Bio 

Get SALT Encoding   

  12  0:01  SCV  
  13  0:13  SCV  
  14  0:17  Supply Depot  
  14  0:25  SCV  
  15  0:39  SCV  
  15  0:40  Barracks  
  16  0:44  Refinery  
  16  0:51  SCV  
  17  1:03  SCV  
  18  1:15  SCV  
  19  1:28  Orbital Command  
  19  1:29  Barracks Reactor  
  19  1:40  Command Center  
  19  1:49  Supply Depot  
  19  1:54  SCV  
  20  2:05  Reaper x2  
  20  2:06  SCV  
  23  2:18  SCV  
  24  2:30  Command Center, SCV  
  25  2:41  Reaper x2  
  25  2:43  SCV  
  28  2:53  Orbital Command  
  28  2:55  SCV  
  28  2:58  Refinery  
  29  3:08  SCV  
  30  3:20  Reaper x2, SCV  
  30  3:21  SCV  
  30  3:26  Barracks  
  34  3:28  Barracks  
  34  3:32  SCV  
  34  3:41  Orbital Command  
  34  3:43  SCV  
  34  3:44  SCV  
  36  3:53  Factory  
  36  3:55  Refinery x2, SCV  
  37  3:56  SCV  
  37  4:01  Marine x2  
  40  4:07  SCV  
  40  4:08  SCV  
  43  4:14  Orbital Command  
  43  4:15  Barracks Tech Lab  
  43  4:16  Engineering Bay, Barracks Tech Lab  
  42  4:17  Engineering Bay  
  42  4:19  Marine x2, SCV  
  42  4:23  SCV  
  46  4:32  SCV  
  46  4:35  Supply Depot, SCV  
  46  4:36  Stimpack  
  46  4:37  Marine x2  
  50  4:43  Starport, SCV  
  50  4:44  Marine, SCV  
  53  4:47  SCV, Factory Reactor  
  55  4:55  Marine x2, SCV  
  55  4:56  Terran Infantry Weapons Level 1, SCV  
  55  4:57  Terran Infantry Armor Level 1  
  55  4:58  Marine  
  59  5:01  SCV  
  60  5:13  Marine  
  60  5:14  Marine x2  
  61  5:15  SCV x3  
  61  5:16  Marine  
  66  5:22  Barracks  
  66  5:24  Barracks  
  66  5:27  SCV  
  66  5:28  SCV x2  
  69  5:31  Factory Reactor  
  69  5:43  Supply Depot  
  69  5:47  Supply Depot  
  69  5:50  Combat Shields  
  69  5:53  Supply Depot  
  69  5:54  Armory  
  69  6:04  Marine x3, Medivac, SCV x3  
  69  6:08  Supply Depot  
  69  6:09  Marine, Medivac  
  80  6:13  Barracks Reactor x2  
  80  6:15  Missile Turret  
  80  6:16  SCV x2, Missile Turret  
  80  6:18  SCV  
  83  6:19  Missile Turret  
  83  6:22  Supply Depot, Marine  
  83  6:24  Supply Depot  
  84  6:26  Widow Mine x2  
  84  6:29  SCV x2  
  84  6:30  SCV  
  91  6:38  Supply Depot  
  91  6:41  Medivac x2, Marauder x2, SCV  
  91  6:46  SCV  
  91  6:47  Supply Depot, SCV  
  102  6:49  Supply Depot  
  102  6:53  SCV  
  103  6:58  Barracks, SCV  
  103  6:59  SCV  
  103  7:00  Barracks x2, Terran Infantry Weapons Level 2  
  105  7:04  Terran Infantry Armor Level 2  
  105  7:05  SCV  
  106  7:13  Marine, Marauder  
  106  7:14  Marine x4, Widow Mine  
  113  7:16  Medivac  
  113  7:17  Widow Mine  
  117  7:23  Refinery  
  117  7:24  Factory  
  117  7:28  Marine, Marauder  
  120  7:35  Marine, Medivac  
  120  7:36  Marine x4, Marauder  
  129  7:42  Supply Depot  
  129  7:49  Supply Depot, Marauder, Widow Mine x2  
  129  7:50  Supply Depot  
  129  7:51  Barracks Tech Lab  
  135  7:52  Barracks Reactor, Barracks Tech Lab  
  135  7:57  Marine, Marauder  
  138  8:11  Marauder  
  140  8:13  Marine x3, Marauder  
  140  8:16  Factory Tech Lab  
  140  8:18  Supply Depot, Widow Mine  
  140  8:19  Supply Depot x2, Marauder  
  140  8:21  Marine, Marauder  
  143  8:27  Marine  
  143  8:29  Widow Mine  
  143  8:30  Medivac x2  
  143  8:32  Marauder  
  152  8:35  Marauder  
  152  8:40  Marine  
  152  8:41  Marine x6, Marauder  
  158  8:42  Marine  
  158  8:43  Widow Mine  
  158  8:45  Marine  
  158  8:46  Widow Mine  
  169  8:53  Marine  
  170  8:55  Marine  
  170  8:58  Marine, Widow Mine  
  170  9:01  Marauder  
  172  9:04  Marine  
  172  9:05  Marine x7, Medivac  
  172  9:06  Medivac  
  184  9:11  Marine, Widow Mine  
  184  9:13  Marine  
  184  9:16  Marine  
  189  9:28  Marine  
  189  9:30  Marine x4  
  189  9:31  Marauder  
  182  9:35  Marine  
  182  9:36  Marine, Marauder  
  182  9:37  Marine x3  
  155  9:40  Widow Mine x2  
  155  9:41  Hellion, Medivac x2  
  164  9:46  Marine  
  164  9:47  Marine  
  164  9:48  Marine x3  
  164  9:52  Marine  
  170  9:53  Marine  
  170  9:54  Marine  
  172  10:01  Widow Mine  
  174  10:09  Widow Mine x2  
  174  10:10  Command Center  
  174  10:11  Medivac  
  174  10:13  Marine  
  174  10:14  Marauder  
  166  10:23  Marine x9, Marauder  
Show
View Real Time Build Order
Export as new Build Order

Andrew Zerg 

Build Orders: Hatch First, Muta Ling Bane 

Get SALT Encoding   

  12  0:01  Drone  
  13  0:13  Overlord  
  13  0:19  Drone  
  14  0:31  Drone x2  
  16  0:36  Drone  
  17  0:46  Drone  
  18  0:56  Hatchery  
  17  0:57  Drone  
  17  1:01  Extractor  
  17  1:12  Spawning Pool  
  17  1:16  Drone  
  17  1:21  Drone  
  18  1:29  Drone  
  19  1:40  Overlord  
  19  1:59  Queen  
  19  2:00  Zergling x2  
  22  2:02  Zergling x2  
  22  2:05  Metabolic Boost  
  22  2:08  Queen  
  23  2:09  Zergling x2  
  26  2:15  Drone  
  27  2:25  Drone x2  
  29  2:34  Hatchery  
  28  2:38  Drone x2  
  30  2:44  Overlord  
  30  2:50  Drone  
  31  2:53  Drone  
  31  2:55  Queen  
  34  3:02  Drone  
  34  3:03  Drone  
  34  3:21  Drone  
  34  3:22  Drone x6  
  41  3:32  Drone  
  42  3:44  Queen  
  42  3:47  Queen  
  42  3:48  Drone x4  
  50  3:50  Extractor  
  50  3:55  Overlord  
  49  3:56  Drone  
  50  4:02  Overlord  
  49  4:13  Overlord, Drone  
  49  4:17  Drone x4, Evolution Chamber  
  52  4:18  Evolution Chamber  
  52  4:22  Zergling x2  
  52  4:23  Zergling x4  
  55  4:30  Zergling x2  
  55  4:31  Zergling x6  
  59  4:33  Overlord  
  59  4:36  Drone  
  60  4:43  Drone x2  
  60  4:44  Zerg Melee Weapons Level 1  
  62  4:45  Overlord  
  62  4:47  Zerg Ground Armor Level 1  
  62  4:58  Drone x8  
  70  5:00  Overlord  
  70  5:12  Overlord  
  65  5:14  Lair  
  65  5:16  Drone  
  65  5:17  Drone x4  
  70  5:24  Baneling Nest  
  70  5:28  Drone x3  
  72  5:33  Extractor  
  72  5:34  Extractor  
  70  5:41  Hatchery  
  68  5:44  Drone  
  68  5:45  Drone x3  
  68  5:46  Drone x2  
  68  5:47  Drone x2  
  76  5:50  Extractor  
  76  5:52  Zergling x2  
  76  5:53  Zergling x8  
  76  5:56  Overlord x2  
  80  6:11  Extractor, Zergling x2, Hatchery  
  79  6:12  Zergling x8  
  79  6:15  Baneling  
  79  6:16  Baneling x4  
  83  6:19  Centrifical Hooks  
  83  6:21  Drone  
  83  6:23  Spire  
  83  6:24  Overseer  
  83  6:27  Drone  
  83  6:28  Drone x3  
  83  6:29  Zergling x2  
  83  6:30  Zergling x8  
  83  6:32  Baneling x4  
  92  6:39  Overlord  
  92  6:43  Zerg Melee Weapons Level 2  
  92  6:49  Overlord  
  92  6:51  Baneling x2  
  92  6:54  Overlord  
  92  6:55  Overlord  
  92  6:57  Zerg Ground Armor Level 2  
  92  7:00  Zergling x8  
  92  7:01  Zergling x6  
  99  7:13  Zergling x8  
  94  7:29  Zergling x16  
  103  7:30  Zergling x2  
  103  7:34  Baneling  
  103  7:35  Baneling x2  
  103  7:39  Overlord  
  103  7:44  Drone  
  103  7:45  Drone x6  
  103  7:50  Zerg Flyer Weapons Level 1  
  110  7:52  Overseer  
  110  7:56  Mutalisk  
  110  7:57  Mutalisk x6  
  124  8:00  Drone x3  
  124  8:02  Overseer  
  120  8:20  Mutalisk x3  
  120  8:22  Drone  
  120  8:23  Drone  
  120  8:24  Extractor, Zergling x2  
  120  8:25  Zergling x24  
  140  8:29  Baneling x8  
  140  8:33  Overlord  
  140  8:34  Extractor  
  140  8:35  Overseer  
  140  8:37  Zergling x4  
  140  8:38  Zergling x4  
  140  8:41  Baneling x6  
  143  8:48  Mutalisk  
  143  8:53  Overlord x2  
  143  8:54  Zergling x2  
  143  8:55  Zergling x10  
  151  8:56  Baneling  
  151  8:57  Baneling x4  
  148  9:04  Zergling x2  
  148  9:05  Zergling x14  
  148  9:06  Baneling x6  
  156  9:14  Mutalisk x2  
  160  9:23  Zergling x2  
  160  9:24  Zergling x18  
  148  9:37  Zergling x8  
  148  9:38  Zergling x4  
  128  9:43  Baneling  
  128  9:44  Baneling x4  
  128  9:45  Baneling x4  
  127  9:46  Mutalisk x4  
  127  9:47  Mutalisk  
  127  9:49  Zergling x18  
  127  9:51  Baneling x6  
  146  9:58  Overlord  
  146  10:00  Baneling x3  
  146  10:03  Overseer x2  
  146  10:14  Zergling x20  
  127  10:15  Zergling x16  
  127  10:16  Baneling  
  127  10:17  Baneling x5  
  139  10:25  Zergling x6  
  139  10:26  Zergling x4  
Tags
 
Add a new tag
Caveats
  • Supply blocks, unpowered buildings, or Contaminate may cause inaccurate times.
  • Supply counts are checked every 10 seconds.